Map: Triton LE

Players

pHARM

  • Race: Zerg Zerg
  • League: Platinum
  • Spawn Location: 5:00

DrCyborg - Winner!

  • Race: Protoss Protoss
  • League: Platinum
  • Spawn Location: 11:00

VOD

Have the link to the VOD?

Description

Time

  • Played on: Sept. 30, 2019, 5:40 p.m.
  • Length: 18:23
Show
View Real Time Build Order
Export as new Build Order

pHARM Zerg 

Build Orders: Hatch First 

Get SALT Encoding   

  12  0:01  Drone  
  13  0:13  Overlord  
  13  0:16  Drone  
  14  0:31  Drone x2  
  16  0:49  Hatchery  
  15  1:02  Drone x2  
  15  1:03  Drone  
  18  1:14  Drone  
  19  1:20  Spawning Pool  
  19  1:23  Drone  
  19  1:47  Drone  
  19  1:48  Overlord  
  20  2:02  Hatchery  
  19  2:09  Drone x3  
  19  2:10  Queen  
  24  2:16  Queen  
  24  2:19  Drone  
  27  2:31  Spine Crawler  
  26  2:39  Spine Crawler  
  26  2:59  Drone x2  
  26  3:00  Overlord x2  
  28  3:17  Queen  
  30  3:20  Drone x5  
  35  3:28  Drone  
  35  3:29  Drone x5  
  35  3:32  Extractor  
  35  3:34  Extractor  
  39  3:46  Roach Warren  
  38  3:52  Drone x3  
  38  3:53  Drone x3  
  44  4:34  Roach x3  
  44  4:36  Overlord  
  44  4:37  Overlord x8  
  50  4:51  Drone, Extractor  
  50  4:54  Queen x3  
  50  4:55  Drone  
  50  4:56  Drone x2  
  50  4:58  Roach x2  
  50  4:59  Roach x2  
  67  5:14  Roach x6  
  79  5:34  Spore Crawler  
  78  5:45  Drone  
  78  5:49  Drone x17  
  88  6:42  Queen x3  
  88  6:44  Drone x13  
  99  6:49  Spine Crawler  
  99  6:51  Spore Crawler  
  87  6:59  Spine Crawler  
  87  7:00  Spore Crawler  
  85  7:03  Extractor x2  
  83  7:10  Overlord x4  
  83  7:18  Queen  
  87  7:34  Spine Crawler  
  86  7:39  Hatchery  
  86  7:41  Spore Crawler  
  84  7:49  Extractor  
  81  7:52  Lair  
  81  8:35  Roach x18  
  117  9:31  Hydralisk Den  
  117  9:37  Overseer x2  
  117  9:38  Overseer x3  
  116  9:41  Roach  
  116  9:42  Roach x20  
  158  9:58  Roach  
  158  9:59  Overlord  
  160  10:00  Overlord x6  
  160  10:29  Glial Reconstitution  
  160  11:05  Hydralisk x14  
  160  11:06  Hydralisk x2  
  196  11:25  Hydralisk x6  
  200  11:42  Overlord x4  
  112  12:21  Overlord x6  
  90  12:39  Queen  
  90  12:43  Hydralisk x4  
  100  12:50  Hydralisk x2  
  94  13:09  Lair  
  92  13:19  Hydralisk x6  
  48  14:17  Spire  
  45  14:36  Hatchery  
  33  14:58  Hatchery  
  32  15:27  Overlord x3  
  32  15:31  Corruptor x6  
  44  15:47  Corruptor x3  
  50  16:00  Corruptor x3  
  56  16:22  Corruptor x8  
  56  16:24  Spawning Pool  
  71  16:45  Mutalisk x6  
  79  17:15  Mutalisk x6  
  51  17:50  Mutalisk  
  51  17:51  Mutalisk x3  
Show
View Real Time Build Order
Export as new Build Order

DrCyborg Protoss - Winner!

Build Orders: Carriers, Dark Templar Rush 

Get SALT Encoding   

  12  0:01  Probe  
  13  0:15  Pylon  
  13  0:17  Probe (Chrono Boost)  
  15  0:29  Probe (Chrono Boost)  
  15  0:33  Gateway  
  15  0:36  Probe (Chrono Boost)  
  16  0:44  Assimilator  
  16  0:47  Probe  
  17  1:03  Probe  
  18  1:14  Forge  
  18  1:15  Probe  
  19  1:23  Cybernetics Core  
  19  1:27  Probe  
  20  1:39  Probe  
  21  1:50  Nexus  
  21  2:02  Photon Cannon  
  21  2:05  Warp Gate  
  21  2:08  Zealot  
  23  2:14  Pylon  
  23  2:25  Assimilator  
  23  2:32  Probe  
  24  2:38  Twilight Council  
  24  2:42  Stalker  
  26  2:53  Probe  
  27  3:05  Probe (Chrono Boost)  
  29  3:11  Probe (Chrono Boost)  
  29  3:14  Dark Shrine, Probe (Chrono Boost)  
  29  3:17  Assimilator  
  29  3:19  Probe (Chrono Boost)  
  31  3:30  Charge  
  31  3:31  Probe (Chrono Boost)  
  31  3:34  Zealot  
  34  3:43  Probe (Chrono Boost)  
  35  3:52  Probe (Chrono Boost)  
  36  3:57  Probe (Chrono Boost)  
  37  4:03  Protoss Ground Weapons Level 1 (Chrono Boost)  
  37  4:09  Probe (Chrono Boost)  
  38  4:14  Probe (Chrono Boost)  
  38  4:16  Gateway  
  39  4:17  Gateway  
  40  4:24  Probe (Chrono Boost)  
  40  4:27  Dark Templar  
  42  4:33  Probe (Chrono Boost)  
  42  4:38  Pylon, Probe (Chrono Boost)  
  43  4:43  Gateway  
  44  4:47  Assimilator  
  44  4:50  Probe (Chrono Boost)  
  45  4:55  Probe (Chrono Boost)  
  46  5:00  Zealot  
  46  5:04  Probe  
  49  5:08  Pylon  
  49  5:09  Pylon  
  49  5:11  Zealot  
  49  5:12  Zealot  
  53  5:16  Probe (Chrono Boost)  
  55  5:29  Probe (Chrono Boost)  
  55  5:31  Dark Templar  
  55  5:32  Dark Templar  
  55  5:34  Probe (Chrono Boost), Dark Templar  
  62  5:39  Zealot  
  64  5:43  Probe  
  64  5:49  Gateway  
  65  5:50  Gateway  
  65  5:55  Probe  
  66  6:02  Protoss Ground Armor Level 1 (Chrono Boost)  
  66  6:07  Probe  
  66  6:10  Stalker x2  
  59  6:34  Dark Templar  
  59  6:35  Dark Templar x2  
  59  6:36  Dark Templar  
  62  6:52  Probe  
  63  7:00  Stargate  
  63  7:01  Stargate  
  63  7:04  Probe (Chrono Boost), Assimilator  
  64  7:13  Probe (Chrono Boost)  
  65  7:18  Probe (Chrono Boost)  
  66  7:25  Pylon x2  
  66  7:28  Probe  
  67  7:30  Probe  
  68  7:40  Probe  
  68  7:42  Probe  
  68  7:44  Void Ray  
  70  7:45  Void Ray  
  78  7:54  Fleet Beacon, Probe  
  79  8:01  Protoss Air Weapons Level 1 (Chrono Boost)  
  79  8:07  Protoss Ground Weapons Level 2  
  79  8:27  Void Ray  
  79  8:33  Pylon  
  83  8:34  Pylon  
  83  8:44  Pylon  
  83  8:45  Pylon  
  89  8:57  Archon x3  
  89  8:58  Carrier (Chrono Boost), Archon  
  89  9:04  Anion Pulse-Crystals  
  89  9:12  Carrier (Chrono Boost)  
  95  9:32  Nexus  
  95  9:47  Nexus  
  101  10:03  Carrier (Chrono Boost)  
  101  10:06  Carrier (Chrono Boost)  
  101  10:10  Pylon  
  101  10:12  Probe  
  108  10:24  Probe  
  109  10:36  Probe  
  109  10:49  Probe, Dark Templar x2  
  107  11:09  Carrier  
  44  12:41  Zealot  
  44  12:42  Zealot x4  
  44  12:44  Carrier x2 (Chrono Boost)  
  55  13:41  Dark Templar x3  
  57  13:42  Dark Templar  
  63  14:20  Carrier  
  69  14:51  Zealot  
  69  14:52  Zealot x4  
  79  15:13  Zealot x3  
  79  15:14  Zealot  
  87  15:20  Pylon  
  87  15:23  Pylon  
  87  15:25  Pylon  
  87  15:48  Zealot x2  
  87  15:49  Zealot x3  
  97  15:54  Archon x2  
  97  15:56  Carrier (Chrono Boost)  
  103  16:19  Nexus  
  103  17:12  Carrier  
Tags
 
Composition
Carriers
Matchup
PvZ
Replay Pack
10.7.19
Spawn Locations
Cross Positions
Add a new tag
Caveats
  • Supply blocks, unpowered buildings, or Contaminate may cause inaccurate times.
  • Supply counts are checked every 10 seconds.